 Dungeon Crawl Stone Soup version 0.28.0-53-g5a82cb258f (webtiles) character file.

Game seed: 9611216493948358892

12235 Megalobster the Severer (level 11, -4/85 HPs)
             Began as a Minotaur Berserker on July 8, 2022.
             Was an Elder of Trog.
             Slain by Sonja
             ... wielding a +2 dagger of distortion
              (14 damage)
             ... on level 11 of the Dungeon on July 10, 2022.
             The game lasted 00:37:57 (13387 turns).

Megalobster the Severer (Minotaur Berserker)       Turns: 13387, Time: 00:37:58

Health: -4/85      AC: 22    Str: 25      XL:     11   Next: 59%
Magic:  10/10      EV:  8    Int:  4      God:    Trog [****..]
Gold:   697        SH:  0    Dex: 10 (11) Spells: 10/10 levels left

rFire   . . .      SeeInvis .   a - +0 battleaxe
rCold   + . .      Faith    .   (shield currently unavailable)
rNeg    + . .      Spirit   .   g - +2 plate armour {rC+}
rPois   .          Reflect  .   (helmet restricted)
rElec   .          Harm     .   i - +2 cloak
rCorr   .          Rampage  .   J - +0 pair of gloves
Will    ++...                   s - +0 pair of boots
Stlth   ..........              (no amulet)
HPRegen 1.24/turn               t - ring of positive energy
MPRegen 0.12/turn               q - ring of flight

@: strong-willed, on berserk cooldown, flying, regenerating, slowed, very slow
A: horns 2, retaliatory headbutt
a: Renounce Religion, Berserk, Trog's Hand, Brothers in Arms


You were on level 11 of the Dungeon.
You worshipped Trog.
Trog was greatly pleased with you.
You visited 1 branch of the dungeon, and saw 11 of its levels.
You visited the Abyss 1 time.
You also visited: Bailey.

You collected 697 gold pieces.

Inventory:

Hand Weapons
 a - a +0 battleaxe (weapon)
 b - a +2 flail of protection
Missiles
 j - 405 stones (quivered)
 C - 3 throwing nets {!f}
Armour
 g - a +2 plate armour of cold resistance (worn)
 i - a +2 cloak (worn)
 k - +0 steam dragon scales
 s - a +0 pair of boots (worn)
 J - a +0 pair of gloves (worn)
 L - a +2 tower shield of protection
Jewellery
 e - a ring of fire
 q - a ring of flight (right hand)
 t - a ring of positive energy (left hand)
 y - a ring of protection from fire
 D - a ring of ice
 G - a ring of protection from cold
Wands
 o - a wand of acid (10)
 I - a wand of mindburst (8)
Scrolls
 c - 4 scrolls of immolation
 l - a scroll of teleportation
 m - a scroll of brand weapon {unknown}
 p - 2 scrolls of fog {unknown}
 r - 2 scrolls of enchant armour
 x - a scroll of blinking {unknown}
 z - a scroll of acquirement {unknown}
 B - a scroll of torment {unknown}
 M - a scroll of fear {unknown}
Potions
 d - 2 potions of magic
 f - 5 potions of curing {@q1}
 h - a potion of heal wounds {unknown}
 n - 3 potions of attraction
 u - 3 potions of might {unknown}
 v - 2 potions of degeneration {unknown}
 w - a potion of brilliance {unknown}
 E - 2 potions of haste {unknown}
 H - a potion of experience {unknown}
 K - a potion of lignification {unknown}


   Skills:
 - Level 4.8 Fighting
 * Level 18.4(18.8) Axes
 - Level 6.7(13.7) Maces & Flails
 + Level 8.6 Armour
 - Level 2.1 Dodging
 + Level 3.3 Evocations


You had 10 spell levels left.
You didn't know any spells.
Your spell library was empty.

Dungeon Overview and Level Annotations

Branches:
Dungeon (11/15)            Temple (0/1) D:6            Lair (0/6) D:9
    Orc (0/2) D:11         Bailey (visited)

Altars:
Cheibriados
Elyvilon
Hepliaklqana
Kikubaaqudgha
Makhleb
Nemelex Xobeh
Qazlal
Ru
Sif Muna
Uskayaw
Vehumet
Wu Jian
Xom
The Shining One

Shops:
D:8 :

Annotations:
D:11 Josephine, Sonja


Innate Abilities, Weirdness & Mutations

You have a pair of horns on your head.
You reflexively headbutt those who attack you in melee.


Message History

The quasit completely misses you.
A starcursed mass splits.
A deafening chorus of shrieks assaults your mind!
You suddenly lose the ability to move!
The quasit bites you but does no damage.
The quasit claws you but does no damage. x2
You can move again.
Unknown command.
A starcursed mass splits.
A chorus of shrieks assaults your mind.
* * * LOW HITPOINT WARNING * * *
The starcursed mass touches you but does no damage.
The quasit bites you but does no damage.
The quasit claws you but does no damage.
The quasit claws you.
* * * LOW HITPOINT WARNING * * *
You feel clumsy.
A starcursed mass splits.
Unknown command.
Your skin crawls.
You feel strong-willed.
A deafening chorus of shrieks assaults your mind!
* * * LOW HITPOINT WARNING * * *
You suddenly lose the ability to move!
You can move again.
You are suddenly pulled into a different region of the Abyss!
Found a gateway leading out of the Abyss.
There is a gateway leading out of the Abyss here.
You pass through the gate.
Welcome back to the Dungeon!
You feel a wave of frost pass over you.
There is an entrance to an ice cave on this level.
Hurry and find it before the portal melts!
The walls and floor vibrate strangely for a moment.
Level annotation: Josephine, Sonja Sonja hits you but does no damage.
Space warps horribly around you!
* * * LOW HITPOINT WARNING * * *
Sonja hits you with a +2 dagger of distortion.
* * * LOW HITPOINT WARNING * * *
Space warps horribly around you!
You die...

#............#.. #....
#............#.. #....
#............#.. ....
#............### ...
#............... ..
#............... #.
###..###.....##.
#.####.####..###.....#
.
#....>K@..'..........#
#....#....#..........#
+.. #....#..........#
# #....#.......###...
##..##...##### .#.
#..###### .# ....
.....


You could see Sonja.

Vanquished Creatures
  Harold (D:11)
  Nergalle (D:11)
  An orc knight (Bailey)
  Joseph (D:7)
  2 unseen horrors
  A komodo dragon (D:11)
  An efreet (D:10)
  A polar bear (D:8)
  Prince Ribbit (D:5)
  Grinder (D:6)
  4 wraiths (D:11)
  16 yaks
  3 wyverns
  3 basilisks (D:9)
  A steam dragon (D:8)
  A small abomination (Abyss:2)
  Duvessa (D:6)
  5 water moccasins
  2 sky beasts (D:7)
  A black bear (D:6)
  2 ice beasts
  5 orc warriors
  2 ogres
  6 centaurs
  2 kobold brigands
  2 phantoms
  3 bullfrogs
  3 scorpions
  A wyvern zombie (D:8)
  Dowan (D:6)
  16 killer bees
  4 wights (D:8)
  3 howler monkeys (D:7)
  2 electric eels (D:8)
  A jelly (D:5)
  A centaur zombie (D:5)
  A bullfrog zombie (D:6)
  A centaur skeleton (D:7)
  7 hounds
  2 orc priests (D:5)
  2 orc wizards
  An iguana (D:5)
  A killer bee zombie (D:7)
  A hound zombie (D:5)
  A howler monkey zombie (D:8)
  A howler monkey skeleton (D:4)
  16 adders
  5 white imps
  4 ufetubi
  A worm (D:2)
  2 dart slugs (D:1)
  29 orcs
  2 bats
  4 endoplasms
  4 giant cockroaches
  9 goblins
  9 hobgoblins
  3 jackals (D:1)
  A quokka (D:4)
  12 ball pythons
  A frilled lizard (D:1)
  A goblin skeleton (D:4)
  A goblin zombie (D:4)
  3 hobgoblin zombies (D:4)
  11 kobolds
  2 kobold zombies (D:4)
  An orc skeleton (D:4)
  3 rats
244 creatures vanquished.

Vanquished Creatures (others)
  A fungus (D:9)
  3 plants (D:9)
4 creatures vanquished.

Grand Total: 248 creatures vanquished

Notes
Turn   | Place    | Note
-------+----------+-------------------------------------------
     0 | D:1      | Megalobster the Minotaur Berserker began the quest for the
                  | Orb.
     0 | D:1      | Reached XP level 1. HP: 19/19 MP: 0/0
   145 | D:1      | Reached skill level 1 in Maces & Flails
   254 | D:1      | Reached XP level 2. HP: 23/26 MP: 1/1
   415 | D:1      | You fall into a shaft and drop 1 floor!
   421 | D:2      | Found a shimmering altar of Xom.
   431 | D:2      | Noticed a phantom
   452 | D:2      | Killed a phantom
   453 | D:2      | Reached XP level 3. HP: 28/31 MP: 2/2
   453 | D:2      | Reached XP level 4. HP: 35/39 MP: 3/3
   579 | D:2      | Found a faded altar of an unknown god.
   632 | D:2      | Reached skill level 5 in Maces & Flails
   937 | D:2      | Reached XP level 5. HP: 45/45 MP: 4/4
  2371 | D:2      | Reached ** piety under Trog
  2714 | D:3      | Reached XP level 6. HP: 43/51 MP: 5/5
  2822 | D:3      | Found a stormy altar of Qazlal.
  2832 | D:3      | Found a burning altar of Makhleb.
  3129 | D:4      | Found a glowing golden altar of the Shining One.
  3316 | D:4      | Found a radiant altar of Vehumet.
  3463 | D:4      | Reached skill level 4 in Axes
  3545 | D:4      | Reached skill level 5 in Axes
  4478 | D:4      | Found an ancient bone altar of Kikubaaqudgha.
  4548 | D:5      | Entered Level 5 of the Dungeon
  4548 | D:5      | Noticed Prince Ribbit
  4548 | D:5      | Found a hazy altar of Hepliaklqana.
  4585 | D:5      | Noticed an ice beast
  4592 | D:5      | Killed an ice beast
  4593 | D:5      | Reached XP level 7. HP: 57/57 MP: 6/6
  4713 | D:5      | Reached skill level 6 in Axes
  5096 | D:5      | Found an ornate altar of the Wu Jian Council.
  5323 | D:5      | Reached *** piety under Trog
  5324 | D:5      | Reached skill level 7 in Axes
  5546 | D:5      | Reached skill level 8 in Axes
  5712 | D:5      | Killed Prince Ribbit
  5713 | D:5      | Reached skill level 9 in Axes
  5713 | D:5      | Reached XP level 8. HP: 54/64 MP: 7/7
  6083 | D:6      | Noticed Grinder
  6083 | D:6      | Paralysed by Grinder for 2 turns
  6085 | D:6      | Found a staircase to the Ecumenical Temple.
  6092 | D:6      | Paralysed by Grinder for 7 turns
  6103 | D:6      | Killed Grinder
  6104 | D:6      | Reached skill level 10 in Axes
  6445 | D:6      | Reached skill level 11 in Axes
  6590 | D:6      | Found a sparkling altar of Nemelex Xobeh.
  6870 | D:6      | Noticed Duvessa
  6870 | D:6      | Noticed Dowan
  6887 | D:6      | Killed Duvessa
  6888 | D:6      | Reached skill level 12 in Axes
  6890 | D:6      | Killed Dowan
  6891 | D:6      | Reached XP level 9. HP: 70/70 MP: 8/8
  7427 | D:7      | Found a shimmering blue altar of Sif Muna.
  7539 | D:7      | Noticed an unseen horror
  7550 | D:7      | Killed an unseen horror
  7551 | D:7      | Reached skill level 13 in Axes
  7609 | D:7      | Noticed Joseph
  7621 | D:7      | Killed Joseph
  7893 | D:7      | Reached skill level 14 in Axes
  8107 | D:7      | Reached skill level 15 in Axes
  8330 | D:8      | Noticed an unseen horror
  8336 | D:8      | Killed an unseen horror
  8641 | D:8      | Noticed a polar bear
  8661 | D:8      | Killed a polar bear
  8662 | D:8      | Reached XP level 10. HP: 38/77 MP: 9/9
  9221 | D:8      | Reached skill level 16 in Axes
  9334 | D:8      | Reached **** piety under Trog
  9335 | D:8      | Reached skill level 5 in Armour
  9460 | D:8      | Found a hide-covered altar of Uskayaw.
  9484 | D:8      | Found Niojefap's Book Shoppe.
 10280 | D:9      | Reached skill level 17 in Axes
 10283 | D:9      | Found a staircase to the Lair.
 11231 | D:10     | Entered Level 10 of the Dungeon
 11268 | D:10     | Found a flagged portal.
 11294 | Bailey   | Entered a bailey
 11415 | Bailey   | Noticed an orc knight
 11424 | Bailey   | Reached XP level 11. HP: 85/85 MP: 10/10
 11437 | Bailey   | HP: 4/127 [orc knight/+0 halberd (20)]
 11438 | Bailey   | Killed an orc knight
 11439 | Bailey   | Reached skill level 1 in Evocations
 12138 | D:10     | Found a snail-covered altar of Cheibriados.
 12138 | D:10     | Found a white marble altar of Elyvilon.
 12138 | D:10     | Found a sacrificial altar of Ru.
 12788 | D:11     | Noticed Josephine
 12821 | D:11     | Noticed Nergalle
 12831 | D:11     | Killed Nergalle
 12951 | D:11     | Reached skill level 18 in Axes
 12955 | D:11     | Noticed Harold
 12963 | D:11     | Killed Harold
 13322 | D:11     | Found a staircase to the Orcish Mines.
 13333 | D:11     | Noticed Sonja
 13339 | D:11     | Cast into level 2 of the Abyss (Sonja)
 13339 | Abyss:2  | Found a corrupted altar of Lugonu.
 13351 | Abyss:2  | Noticed a starcursed mass
 13376 | Abyss:2  | Paralysed by accursed screaming for 1 turns
 13380 | Abyss:2  | Paralysed by accursed screaming for 1 turns
 13387 | D:11     | Escaped the Abyss
 13387 | D:11     | Slain by Sonja

Illustrated notes

Levels and vault maps discovered:
D:1:      co_arrival_random_square_maze, layout_loops_cross,
          minmay_strange_pillars
D:2:      layout_loops_ring, basic_altar,
          hellmonk_ecumenical_altar_inner_sanctum, minmay_snake_closets
D:3:      layout_rooms, amethyst_overflow_temple_binary
D:4:      layout_basic, vehumet_crystals, mainiacjoe_overflow_alcove_2,
          nicolae_tso_besieged_by_evil
D:5:      layout_basic, mainiacjoe_overflow_small_starburst,
          nzn_wu_jian_contemplation, uniq_prince_ribbit1
D:6:      layout_cave_pods, mainiacjoe_overflow_24_doors,
          minmay_temple_entry_waves, uniq_duvessa, uniq_grinder
D:7:      layout_basic, mainiacjoe_overflow_alcove_1, uniq_joseph
D:8:      layout_gridville, eat_drink_and_be_merry_uskayaw, serial_ice,
          serial_ice_e, serial_ice_m, serial_ice_n, serial_ice_d, serial_ice_k,
          serial_shops, nicolae_shop_behind_doors
D:9:      layout_basic, minmay_lair_entry_grove, serial_co_window_serial,
          co_window_corner_a, co_window_of_opportunity_a, co_window_paths_b,
          co_window_paths_a, co_window_of_opportunity_a, co_window_paths_a,
          co_window_corner_b, co_window_broadway_a, co_window_corner_cb,
          co_window_broadway_b, co_window_of_opportunity_b, co_window_4corner_b
D:10:     layout_basic, gammafunk_temple_overflow_forgotten, enter_bailey_6
D:11:     layout_gridville, orc_0_dummy, portal_ice_cave_entry_imps,
          grunt_ministairs_8, nemelex_xobeh_ov_fountains_minmay, uniq_sonja,
          uniq_nergalle, uniq_josephine, uniq_harold

Skill      XL: |  1  2  3  4  5  6  7  8  9 10 11 |
---------------+----------------------------------+-----
Maces & Flails | 2 4 5 6 |  6.7
Armour         | 3 4 7 8 |  8.6
Axes           | 5 9 12 15 17 18 | 18.4
Fighting       | 4 |  4.8
Evocations     | 3 |  3.3
Dodging        | |  2.1

Action                   |  1- 3 |  4- 6 |  7- 9 | 10-12 || total
-------------------------+-------+-------+-------+-------++-------
Melee: Hand axe          |    26 |   170 |   212 |   200 ||   608
       Headbutt          |     4 |    24 |    39 |    54 ||   121
       Punch             |       |     2 |     4 |       ||     6
       Battleaxe         |       |       |       |    28 ||    28
Invok: Berserk           |     1 |     6 |     4 |     8 ||    19
       Trog's Hand       |       |       |     2 |     2 ||     4
  Use: Scroll            |       |     1 |     5 |     5 ||    11
       Potion            |       |       |       |     2 ||     2
 Stab: Sleeping          |     1 |       |       |       ||     1
Armor: Leather armour    |     7 |     5 |       |       ||    12
       Scale mail        |       |    21 |    47 |    97 ||   165
       Chain mail        |       |    31 |    52 |       ||    83
       Plate armour      |       |       |       |    46 ||    46
Dodge: Dodged            |    14 |    82 |    97 |   103 ||   296
